 Dungeon Crawl Stone Soup version 0.25-a0-670-g50981ef59b (webtiles) character file.

Game seed: 1582340070631636770, levelgen mode: deterministic

44 Glundar the Grasshopper (level 3, 0/30 HPs)
             Began as a Centaur Warper on Mar 29, 2020.
             Slain by a hound (3 damage)
             ... on level 2 of the Dungeon.
             The game lasted 00:05:24 (1550 turns).

Glundar the Grasshopper (Centaur Warper)            Turns: 1550, Time: 00:05:25

Health: 0/30       AC:  4    Str: 14    XL:     3   Next: 41%
Magic:  5/5        EV:  8    Int: 12    God:
Gold:   98         SH:  2    Dex:  8    Spells: 5/5 levels left

rFire    . . .     SeeInvis .   a - +0 spear
rCold    . . .     Gourm    .   i - +0 buckler
rNeg     . . .     Faith    .   b - +0 leather armour
rPois    .         Spirit   .   (no helmet)
rElec    .         Reflect  .   (no cloak)
rCorr    .         Harm     .   (no gloves)
MR       .....                  (no barding)
Stlth    ..........             (no amulet)
HPRegen  0.10/turn              (no ring)
MPRegen  0.09/turn              (no ring)

@: very quick
A: large, hooves 3, deformed body, speed 2, tough skin 3
a: no special abilities


You were on level 2 of the Dungeon.
You were not hungry.

You visited 1 branch of the dungeon, and saw 2 of its levels.

You collected 98 gold pieces.

Inventory:

Hand Weapons
 a - a +0 spear (weapon)
Missiles
 e - 5 boomerangs of dispersal (quivered)
Armour
 b - a +0 leather armour (worn)
 i - a +0 buckler (worn)
Scrolls
 d - a scroll of blinking
 h - a scroll of enchant armour {unknown}
 k - 2 scrolls of identify {unknown}
 l - a scroll of amnesia {unknown}
 m - a scroll of remove curse {unknown}
Potions
 c - a potion of stabbing {unknown}
 j - 3 potions of ambrosia {unknown}
Comestibles
 f - 4 rations
 g - a chunk of flesh


   Skills:
 + Level 2.4 Fighting
 + Level 2.3 Polearms
 + Level 1.4 Throwing
 + Level 0.9 Armour
 + Level 1.7 Dodging
 + Level 0.0 Shields
 + Level 1.9 Spellcasting
   Level 2.6 Translocations


You had 5 spell levels left.
You didn't know any spells.
Your spell library contained the following spells:

 Spells                   Type           Power        Failure   Level  Hunger
 Blink                    Tloc           N/A          28%         2    ###....
 Shroud of Golubria       Chrm/Tloc      #.....       43%         2    ###....
 Gell's Gravitas          Tloc           #.........   50%         3    ####...
 Lesser Beckoning         Tloc           #.........   50%         3    ####...
 Teleport Other           Tloc           #.......     50%         3    ####...
 Passage of Golubria      Tloc           N/A          88%         4    #####..


Dungeon Overview and Level Annotations

Branches:
Dungeon (2/15)

Altars:


Innate Abilities, Weirdness & Mutations

You have hooves in place of feet.
Armour fits poorly on your strangely shaped body.
You cover ground very quickly.
You have extremely tough skin. (AC +3)


Message History

The hound is heavily wounded.
The hound bites you. The hobgoblin closely misses you.
The hound barely misses you.
You hit the hound but do no damage. Your kick misses the hound.
The hound is heavily wounded.
The hound bites you but does no damage. The hobgoblin hits you with a +0 club.
You closely miss the hound. You kick the hound.
The hound is heavily wounded.
The hound closely misses you. The hobgoblin completely misses you.
The hound bites you.
* * * LOW HITPOINT WARNING * * *
You barely miss the hound.
The hound is heavily wounded.
The hound bites you.
* * * LOW HITPOINT WARNING * * *
The hobgoblin hits you but does no damage.
You hit the hound. Your kick misses the hound.
The hound is heavily wounded.
The hound bites you.
You die...

####.. ..#.##..... #....
........# ####... #.######.
..... #.# #.... #. ...# ##.#
#.### #. ##..# #..# # # #.
##...# #####..# .# ..
#..#h###......# #.# #.
#.##@#...####.##..# . #.
#..#g#.### #....# # #.##.##
##.#...# ##..###...
#...g.####....## #.......#
....##...##..##..#####...#####
# #...................#
.........###.....####.##
#.##.....# ...........#
..........##......###.<#


You could see a hound and a hobgoblin.

Vanquished Creatures
  A gnoll (D:1)
  An adder zombie (D:1)
  A worm (D:2)
  A dart slug (D:2)
  2 ball pythons (D:1)
  A bat (D:2)
  A bat zombie (D:1)
  3 goblins (D:1)
  5 hobgoblins
  A quokka (D:2)
  3 frilled lizards (D:1)
  4 kobolds (D:1)
  4 rats
28 creatures vanquished.

Notes
Turn   | Place    | Note
-------+----------+-------------------------------------------
     0 | D:1      | Glundar the Centaur Warper began the quest for the Orb.
     0 | D:1      | Reached XP level 1. HP: 17/17 MP: 3/3
    97 | D:1      | Reached XP level 2. HP: 2/24 MP: 4/4
   717 | D:1      | Reached XP level 3. HP: 29/30 MP: 5/5
  1550 | D:2      | Slain by a hound

Levels and vault maps discovered:
D:1:      saegor_arrival_fortress, layout_basic
D:2:      layout_rooms, lemuel_round_altar, minmay_diced_spiral

Skill      XL: |  1 |
---------------+----+-----
Polearms       | 2 |  2.3
Fighting       | |  2.4
Throwing       | |  1.4
Armour         | |  0.9
Dodging        | |  1.7
Spellcasting   | |  1.9
Translocations | |  2.6

Action                   || total
-------------------------++-------
Melee: Spear             ||   112
       Kick              ||    12
  Eat: Chunk             ||     1
Armor: Leather armour    ||    26
Dodge: Dodged            ||    24
Block: Buckler           ||     5

Table legend:
 A = Non-vault XP
 B = Vault XP
 C = Vault XP percentage of total XP
 D = Non-vault monster count
 E = Vault monster count
 F = Vault count percentage of total count
                 A         B        C        D         E       F
            +---------+---------+-------+---------+---------+-------
      Total |      55 |       9 |  14.1 |      25 |       3 |  10.7
            +---------+---------+-------+---------+---------+-------
        D:1 |      39 |       7 |  15.2 |      19 |       2 |   9.5
        D:2 |      16 |       2 |  11.1 |       6 |       1 |  14.3
            +---------+---------+-------+---------+---------+-------
